 Dungeon Crawl Stone Soup version 0.26.1-10-gdfb7c7de75 (webtiles) character file.

Game seed: 8323553716868552854

66342 tardwrangler69 the Warrior (level 14, -3/112 (121) HPs)
             Began as a Minotaur Fighter on Apr 4, 2021.
             Was a Believer of Uskayaw.
             Slain by a sixfirhy (9 damage)
             ... summoned by an orc high priest
             ... while paralysed by an orc sorcerer
             ... on level 2 of the Orcish Mines.
             The game lasted 00:40:55 (22605 turns).

tardwrangler69 the Warrior (Minotaur Fighter)      Turns: 22605, Time: 00:40:55

HP:   -3/112 (121)  AC: 18    Str: 24    XL:     14   Next: 78%
MP:   20/20         EV:  2    Int:  5    God:    Uskayaw [**....]
Gold: 2425          SH:  0    Dex: 21    Spells: 13/13 levels left

rFire    . . .     SeeInvis .   a - +0 rapier
rCold    . . .     Faith    .   E - +0 kite shield {reflect}
rNeg     . . .     Spirit   .   e - +2 scale mail {rPois}
rPois    +         Reflect  +   (helmet restricted)
rElec    .         Harm     .   s - +1 cloak {rPois}
rCorr    .         Rampage  .   Q - +2 pair of gloves {Str+3}
Will     +....                  (no boots)
Stlth    ..........             b - amulet of regeneration
HPRegen  0.68/turn              t - +6 ring of dexterity
MPRegen  0.17/turn              r - +4 ring of evasion

@: paralysed, drained
A: retaliatory headbutt, horns 2, deterioration 1, frail 1, no potion heal 1
a: Renounce Religion, Stomp, Line Pass


You were on level 2 of the Orcish Mines.
You worshipped Uskayaw.
Uskayaw was aware of your devotion.
You visited 4 branches of the dungeon, and saw 23 of its levels.
You also visited: Sewer and Gauntlet.

You collected 2425 gold pieces.

Inventory:

Hand Weapons
 a - a +0 rapier (weapon)
 c - a +2 dagger of speed
 C - a +2 short sword of draining
 R - a +0 short sword of flaming
Missiles
 M - 13 silver javelins (quivered)
Armour
 e - a +2 scale mail of poison resistance (worn)
 s - a +1 cloak of poison resistance (worn)
 E - a +0 kite shield of reflection (worn)
 Q - a +2 pair of gloves of strength (worn)
Jewellery
 b - an amulet of regeneration (around neck)
 l - an uncursed ring of ice
 r - a +4 ring of evasion (right hand)
 t - a +6 ring of dexterity (left hand)
 H - the ring "Mecuky" {rElec Will+}
   (You took it off a minotaur in a Gauntlet)

   [ring of willpower]

   It insulates you from electricity.
   It affects your willpower, your defense against some magical effects.
Wands
 q - a wand of random effects (29)
 D - a wand of flame (24)
 I - a wand of enslavement (12)
 K - a wand of disintegration (12)
 N - a wand of iceblast (12)
 O - a wand of paralysis (11)
 P - a wand of acid (7)
Scrolls
 f - 5 scrolls of enchant weapon
 g - 6 scrolls of remove curse
 i - 12 scrolls of identify
 j - 3 scrolls of immolation
 p - 3 scrolls of fog
 u - 2 scrolls of magic mapping
 v - a scroll of fear
 x - 5 scrolls of teleportation
 y - 2 scrolls of blinking
 F - 4 scrolls of enchant armour
 G - 3 scrolls of summoning
Potions
 d - 2 potions of might
 h - 4 potions of heal wounds
 k - 7 potions of curing
 m - 5 potions of haste
 n - 5 potions of ambrosia
 o - 3 potions of attraction
 w - 5 potions of flight
 z - 4 potions of magic
 A - 2 potions of resistance
 B - 5 potions of brilliance
 J - a potion of lignification {unknown}
 L - 3 potions of mutation


   Skills:
 + Level 15.3 Fighting
 + Level 10.0 Short Blades
 - Level 14.7 Armour
 - Level 11.5 Dodging
 + Level 12.6 Shields
 - Level 9.7 Invocations


You had 13 spell levels left.
You didn't know any spells.
Your spell library contained the following spells:

 Spells                   Type           Power        Failure   Level
 Corona                   Hex            0%           80%         1
 Foxfire                  Conj/Fire      0%           80%         1
 Magic Dart               Conj           0%           80%         1
 Shock                    Conj/Air       0%           80%         1
 Searing Ray              Conj           0%           90%         2
 Slow                     Hex            0%           90%         2
 Swiftness                Air            0%           90%         2
 Conjure Flame            Conj/Fire      0%           99%         3
 Dazzling Flash           Conj/Hex       0%           99%         3
 Ignite Poison            Fire/Tmut/Pois 0%           99%         3
 Inner Flame              Hex/Fire       0%           99%         3
 Portal Projectile        Hex/Tloc       0%           99%         3
 Static Discharge         Conj/Air       0%           99%         3
 Airstrike                Air            0%           100%        4
 Cause Fear               Hex            0%           100%        4
 Fulminant Prism          Conj/Hex       0%           100%        4
 Iskenderun's Mystic Bla  Conj/Tloc      0%           100%        4
 Leda's Liquefaction      Hex/Erth       0%           100%        4
 Sticky Flame             Conj/Fire      0%           100%        4
 Fireball                 Conj/Fire      0%           100%        5
 Lightning Bolt           Conj/Air       0%           100%        5
 Starburst                Conj/Fire      0%           100%        6
 Ignition                 Fire           0%           100%        8


Dungeon Overview and Level Annotations

Branches:
Dungeon (14/15)            Temple (1/1) D:5            Lair (6/6) D:9
 Shoals (0/4) Lair:3       Spider (0/4) Lair:3        Slime (0/5) Lair:6
    Orc (2/2) D:9             Elf (0/3) Orc:2         Sewer (visited)
Gauntlet (visited)
 Vaults: D:13-14

Altars:
Ashenzari
Cheibriados
Dithmenos
Elyvilon
Fedhas
Gozag
Hepliaklqana
Kikubaaqudgha
Makhleb
Nemelex Xobeh
Okawaru
Qazlal
Ru
Sif Muna
Trog
Uskayaw
Vehumet
Wu Jian
Xom
Yredelemnul
Zin
The Shining One

Shops:
D:6 =   D:7 [


Innate Abilities, Weirdness & Mutations

You reflexively headbutt those who attack you in melee.
You have a pair of horns on your head.
Your body sometimes deteriorates upon taking damage.
You are frail. (-10% HP)
Potions are less effective at restoring your health.


Message History

* * * LOW HITPOINT WARNING * * *
The orc high priest prays to Beogh.
The ice devil hits you but does no damage.
The chaos spawn hits you but does no damage.
The orc sorcerer gestures at you while chanting.
You resist with some effort.
The neqoxec gestures.
The ice devil disappears in a puff of smoke!
The orc high priest hits you but does no damage.
The orc high priest hits you with a +0 mace.
* * * LOW HITPOINT WARNING * * *
The chaos spawn gores you but does no damage.
The orc sorcerer points at you and mumbles some strange words.
You resist with some effort. The neqoxec hits you!
* * * LOW HITPOINT WARNING * * *
The orc high priest hits you but does no damage.
The orc high priest barely misses you. The sixfirhy hits you.
* * * LOW HITPOINT WARNING * * *
The sixfirhy shocks you!
You die...

...#....###.## ##.###...#.....
#.#o.........# ##...#..........
##...........# ##.#.............
###..o.......####................
# ##.4.4.##...##.#....#........<.
###.......##.##...#..............
.#.......######([#)...#..........
#........o.###.335.5.#...........
##..........#[#o@35.......#......
#.......#.#))4#o4...............
##..........#.###o...............
#...#....[....##.................
.#..##.#[........................
................................#
.#...............................
#.....#..........................
#...###..........................


You could see 2 orc high priests, an ice devil (summoned), a sixfirhy
(summoned), a neqoxec (summoned), a ynoxinul (summoned), a chaos spawn
(summoned), an orc sorcerer, 2 iron imps and a shadow imp (summoned).

Vanquished Creatures
  A minotaur (Gauntlet)
  3 boulder beetles
  Erolcha (Orc:2)
  7 hydras
  A centaur warrior (D:13)
  A catoblepas (Lair:6)
  2 two-headed ogres
  A deep troll shaman (Lair:6)
  6 death yaks
  A fire crab (Lair:4)
  An unseen horror (D:13)
  Pikel (D:7)
  5 orc knights
  A necromancer (Gauntlet)
  A deep elf mage (D:14)
  4 ugly things
  2 cyclopes
  3 orc sorcerers (Orc:2)
  4 black mambas
  8 elephants
  Joseph (D:7)
  A torpor snail (Lair:4)
  11 cane toads
  3 centaur skeletons
  A gargoyle (D:10)
  4 rime drakes
  9 komodo dragons
  2 ice devils (Lair:3)
  A komodo dragon (shapeshifter) (D:14)
  4 trolls
  6 polar bears
  2 hornets
  7 slime creatures
  5 dream sheep
  21 blink frogs
  A shadow (D:13)
  42 yaks
  4 wyverns
  A vampire (D:12)
  3 wraiths
  5 basilisks
  Grum (D:10)
  2 wargs (D:8)
  A soldier ant (D:14)
  15 water moccasins
  An acid dragon (D:13)
  Duvessa (D:7)
  20 orc warriors
  5 ice beasts
  A necrophage (D:11)
  6 black bears
  3 sky beasts
  A phantom (D:8)
  10 ogres
  9 wolves
  7 centaurs
  A lemure (D:7)
  A big kobold (D:10)
  18 bullfrogs
  A gnoll sergeant (D:9)
  A wyvern zombie (D:14)
  Dowan (D:7)
  7 killer bees
  3 scorpions
  6 wights (D:13)
  A howler monkey (D:4)
  6 electric eels (D:10)
  3 bullfrog zombies
  2 centaur zombies
  13 orc priests
  A bullfrog skeleton (D:4)
  7 hounds
  2 jellies (Lair:6)
  A gnoll shaman (D:7)
  14 orc wizards
  5 iguanas
  14 worker ants
  A hound zombie (D:8)
  A mummy (D:6)
  A hound skeleton (D:9)
  2 worker ant zombies
  19 adders
  14 gnolls
  3 shadow imps
  2 white imps
  3 ufetubi
  4 oozes
  An adder skeleton (D:5)
  7 worms
  3 dart slugs
  7 leopard geckos
  83 orcs
  7 ball pythons
  6 bats
  10 giant cockroaches
  11 goblins
  8 hobgoblins
  4 jackals
  7 quokkas
  7 frilled lizards
  16 kobolds
  6 rats
612 creatures vanquished.

Vanquished Creatures (others)
  An orange crystal statue (Gauntlet)
  13 fungi
  22 plants
  20 withered plants (Gauntlet)
56 creatures vanquished.

Grand Total: 668 creatures vanquished

Notes
Turn   | Place    | Note
-------+----------+-------------------------------------------
     0 | D:1      | tardwrangler69 the Minotaur Fighter began the quest for the
                  | Orb.
     0 | D:1      | Reached XP level 1. HP: 19/19 MP: 0/0
   208 | D:1      | Reached XP level 2. HP: 26/26 MP: 1/1
   562 | D:1      | Reached XP level 3. HP: 31/31 MP: 2/2
   870 | D:2      | Reached XP level 4. HP: 30/39 MP: 3/3
   910 | D:2      | Reached skill level 5 in Short Blades
  1570 | D:3      | Reached XP level 5. HP: 38/45 MP: 4/4
  1866 | D:3      | Found a sparkling altar of Nemelex Xobeh.
  2573 | D:4      | Reached skill level 4 in Fighting
  2573 | D:4      | Reached XP level 6. HP: 51/52 MP: 5/5
  2710 | D:4      | Found an opulent altar of Gozag.
  2866 | D:4      | Found a glowing drain.
  2887 | Sewer    | Entered a sewer
  3589 | D:4      | Reached XP level 7. HP: 60/60 MP: 6/6
  3595 | D:4      | Reached skill level 5 in Fighting
  3959 | D:5      | Entered Level 5 of the Dungeon
  4032 | D:5      | Found a staircase to the Ecumenical Temple.
  4040 | Temple   | Entered the Ecumenical Temple
  4198 | Temple   | Became a worshipper of Uskayaw the Reveller
  4234 | D:5      | Reached * piety under Uskayaw
  4393 | D:5      | Reached ** piety under Uskayaw
  4662 | D:6      | Reached skill level 6 in Fighting
  4740 | D:6      | Found a snail-covered altar of Cheibriados.
  4929 | D:6      | Reached skill level 1 in Dodging
  4944 | D:6      | Reached *** piety under Uskayaw
  4946 | D:6      | Reached XP level 8. HP: 64/71 MP: 7/7
  5033 | D:6      | Reached **** piety under Uskayaw
  5052 | D:6      | Found Lagek's Jewellery Boutique.
  5204 | D:6      | Reached skill level 5 in Armour
  5206 | D:6      | Reached skill level 7 in Fighting
  5509 | D:7      | Reached ***** piety under Uskayaw
  5594 | D:7      | Noticed Pikel
  5621 | D:7      | Killed Pikel
  5622 | D:7      | Reached skill level 8 in Fighting
  5622 | D:7      | Reached XP level 9. HP: 81/81 MP: 8/8
  5652 | D:7      | Reached skill level 5 in Dodging
  5666 | D:7      | Noticed Joseph
  5733 | D:7      | Found Oboso's Armour Shop.
  6045 | D:7      | Killed Joseph
  6131 | D:7      | Noticed Duvessa
  6132 | D:7      | Noticed Dowan
  6140 | D:7      | Killed Duvessa
  6141 | D:7      | Reached skill level 9 in Fighting
  6145 | D:7      | Killed Dowan
  6528 | D:8      | Reached skill level 10 in Short Blades
  6667 | D:8      | Reached XP level 10. HP: 89/91 MP: 9/9
  6797 | D:8      | Found a white marble altar of Elyvilon.
  6940 | D:8      | Found an ornate altar of the Wu Jian Council.
  7189 | D:9      | Found a glowing golden altar of the Shining One.
  7379 | D:9      | Found a staircase to the Orcish Mines.
  7410 | D:9      | Found a staircase to the Lair.
  7498 | D:8      | Reached skill level 10 in Fighting
  7828 | D:9      | Noticed a two-headed ogre
  7840 | D:9      | Killed a two-headed ogre
  7909 | D:9      | Found a hazy altar of Hepliaklqana.
  8111 | D:10     | Entered Level 10 of the Dungeon
  8415 | D:9      | Reached skill level 5 in Shields
  8416 | D:9      | Reached skill level 10 in Armour
  8472 | D:9      | Reached skill level 11 in Fighting
  8542 | D:10     | Noticed a gargoyle
  8560 | D:10     | Killed a gargoyle
  8561 | D:10     | Reached XP level 11. HP: 102/102 MP: 10/10
  8592 | D:10     | Noticed Grum
  8611 | D:10     | Killed Grum
  9847 | D:11     | Reached ****** piety under Uskayaw
 10100 | D:11     | Noticed a two-headed ogre
 10107 | D:11     | Noticed a white ugly thing
 10109 | D:11     | Killed a two-headed ogre
 10118 | D:11     | Killed a white ugly thing
 10614 | D:11     | Reached skill level 12 in Fighting
 11949 | D:12     | Reached skill level 10 in Dodging
 12205 | D:13     | Found a burning altar of Makhleb.
 12205 | D:13     | Noticed a balrug
 12213 | D:13     | Noticed a purple ugly thing
 12233 | D:13     | Killed a purple ugly thing
 12234 | D:13     | Reached XP level 12. HP: 112/113 MP: 11/11
 12454 | D:13     | Noticed a centaur warrior
 12469 | D:13     | Killed a centaur warrior
 12948 | D:14     | Noticed a six-headed hydra
 12962 | D:14     | Killed a six-headed hydra
 12993 | D:14     | Reached skill level 13 in Fighting
 13024 | D:14     | Noticed a boulder beetle
 13055 | D:14     | Killed a boulder beetle
 13381 | Lair:1   | Entered Level 1 of the Lair of Beasts
 13381 | Lair:1   | Noticed a seven-headed hydra
 13405 | Lair:1   | Killed a seven-headed hydra
 13426 | Lair:1   | Found a gate leading to a gauntlet.
 13435 | Gauntlet | Entered a Gauntlet
 13435 | Gauntlet | Found a transporter.
 13435 | Gauntlet | Found a transporter.
 13439 | Gauntlet | Found a transporter.
 13439 | Gauntlet | Found a transporter.
 13447 | Gauntlet | Noticed a death scarab
 13448 | Gauntlet | Found a transporter.
 13467 | Gauntlet | Found a transporter.
 13476 | Gauntlet | Noticed a reaper
 13477 | Gauntlet | Found a transporter.
 13477 | Gauntlet | Found a transporter.
 13480 | Gauntlet | Found a transporter.
 13496 | Gauntlet | Noticed a death ooze
 13501 | Gauntlet | Found a transporter.
 13508 | Gauntlet | Found a transporter.
 13528 | Gauntlet | Found a transporter.
 13561 | Gauntlet | Found a transporter.
 13577 | Gauntlet | Found a transporter.
 13679 | Gauntlet | Found a transporter.
 13694 | Gauntlet | Found a transporter.
 13984 | Gauntlet | Got a wavering lapis lazuli ring
 13986 | Gauntlet | Identified the cursed ring "Renoumud" {rF+ AC-4 Int+7} (You
                  | found it in a Gauntlet)
 14127 | Gauntlet | Identified the ring "Mecuky" {rElec Will+}
 14127 | Gauntlet | Noticed a minotaur
 14128 | Gauntlet | Found the +8 trident of the Octopus King {venom, rElec
                  | rPois Will+}
 14143 | Gauntlet | Killed a minotaur
 14144 | Gauntlet | Reached skill level 10 in Shields
 14150 | Gauntlet | Got an encrusted lajatang
 14344 | Lair:1   | Reached XP level 13. HP: 109/122 MP: 12/12
 14531 | Lair:1   | Reached skill level 1 in Invocations
 15626 | Lair:2   | Reached skill level 5 in Invocations
 16200 | Lair:3   | Found a staircase to the Shoals.
 16248 | Lair:3   | Found a frozen archway.
 16939 | Lair:3   | Found a hole to the Spider Nest.
 18824 | Lair:5   | Reached XP level 14. HP: 116/130 MP: 20/20
 18827 | Lair:5   | Reached skill level 14 in Fighting
 19516 | Lair:6   | Entered Level 6 of the Lair of Beasts
 19951 | Lair:6   | Found a staircase to the Slime Pits.
 21026 | Orc:1    | Entered Level 1 of the Orcish Mines
 21148 | Orc:2    | Entered Level 2 of the Orcish Mines
 21148 | Orc:2    | Found a staircase to the Elven Halls.
 21290 | Orc:2    | Reached skill level 15 in Fighting
 21473 | Orc:2    | Noticed Erolcha
 21486 | Orc:2    | Killed Erolcha
 22596 | Orc:2    | Gained mutation: Your body sometimes deteriorates upon
                  | taking damage. [a neqoxec]
 22597 | Orc:2    | Gained mutation: You are frail. (-10% HP) [a neqoxec]
 22598 | Orc:2    | Paralysed by an orc sorcerer for 7 turns
 22601 | Orc:2    | Gained mutation: Potions are less effective at restoring
                  | your health. [a neqoxec]
 22605 | Orc:2    | Slain by a sixfirhy

Illustrated notes

Levels and vault maps discovered:
D:1:      lemuel_arrival_hallway, layout_loops_ring
D:2:      layout_loops_ring
D:3:      layout_loops_corners, grunt_ministairs_12, roderic_roman_lattice,
          nemelex_dance_club_becter
D:4:      minmay_bubble_buster, layout_basic, grunt_gozag_statues,
          cheibrodos_sewer_entry_bend, nicolae_underground_beach
D:5:      layout_basic, minmay_temple_entry_mini_moons
D:6:      layout_loops_ring, slow_altar_2, serial_shops,
          nicolae_shop_window_shopping
D:7:      layout_rooms, serial_shops, nicolae_shop_window_shopping,
          uniq_duvessa, uniq_joseph, uniq_pikel
D:8:      layout_cave_pools, lemuel_crystal_altar, lemuel_coloured_pillars_altar
D:9:      layout_basic, nicolae_overflow_hidden_temple, kennysheep_little_box,
          erik_lair_orcish_takeover, david_orc_2
D:10:     layout_basic, kennysheep_boxes, uniq_grum
D:11:     minmay_goldmine, layout_loops_ring
D:12:     layout_roguey, minmay_misc_feat_rows, minmay_misc_feat_room,
          grunt_decor_fettered
D:13:     layout_big_octagon, makhleb_altar_promises_db
D:14:     layout_irregular_city, david_vaults_2, minmay_checkerbox
Temple:   nicolae_temple_elliptical
Lair:1:   layout_regular_city, gauntlet_entry_generic, beast_lair_carwin_2
Lair:2:   layout_concentric_octagons
Lair:3:   layout_cave_pods, shoals_dummy_entry, spider_nest_entry_web_field,
          portal_ice_cave_demonic_guard
Lair:4:   layout_roguey, beast_lair_carwin_4
Lair:5:   layout_hall_layers, serial_bayou_crossing
Lair:6:   grunt_lair_end_beastmaster, layout_misc_corridors,
          minmay_slime_entry_pillars, st_stairs_13, grunt_megastairs_5
Orc:1:    layout_caves, serial_shops, shop, sword_in_stone, uniq_harold
Orc:2:    grunt_orc_tribal_feast, layout_caves, uniq_erolcha

Skill      XL: |  1  2  3  4  5  6  7  8  9 10 11 12 13 14 |
---------------+-------------------------------------------+-----
Short Blades   | 3 4 5 6 7 9 10 | 10.0
Fighting       | 4 6 8 9 11 12 13 15 | 15.3
Armour         | 4 6 8 10 11 12 13 14 | 14.7
Dodging        | 1 4 6 8 10 11 | 11.5
Shields        | 5 8 10 12 | 12.6
Invocations    | 9 |  9.7

Action                   |  1- 3 |  4- 6 |  7- 9 | 10-12 | 13-15 || total
-------------------------+-------+-------+-------+-------+-------++-------
Melee: Rapier            |    17 |       |       |       |   544 ||   561
       Headbutt          |    24 |    49 |    90 |   433 |   483 ||  1079
       Dagger            |    67 |   286 |   272 |  1089 |   754 ||  2468
       Short sword       |       |       |    43 |   110 |       ||   153
Invok: Stomp             |       |       |       |       |     3 ||     3
  Use: Scroll            |       |       |    14 |    20 |     3 ||    37
       Potion            |       |       |       |     6 |     4 ||    10
 Stab: Paralysed         |       |       |    17 |    49 |    78 ||   144
       Petrified         |       |       |       |       |    10 ||    10
Armor: Scale mail        |    19 |    75 |    56 |   198 |   175 ||   523
Dodge: Dodged            |    21 |    56 |    63 |   425 |   433 ||   998
Block: Kite shield       |    31 |   100 |   112 |   339 |   539 ||  1121
       Reflection        |       |       |       |    15 |     4 ||    19
